General information
- name: BNet
- type: Ladder team game (AT/RT)
- host: Battle.net
- saver: C0ckHolster(SA)
map: Goldshire
- players: 4
- length: 16:09
- speed: Fast
- version: 1.21 W3XP
- replay type: Public
» download(69 KB)
Players
team 1 (winner)
Dive_ToMe (
yellow | 74 APM | 1201 actions | 16:09)
2 Blademaster
1 Wind Walk
1 Critical Strike
» actions
| Assign group hotkey | 29 | |
| Basic commands | 79 | |
| Build / train | 47 | |
| ESC pressed | 1 | |
| Enter build submenu | 15 | |
| Enter hero's abilities submenu | 2 | |
| Remove unit from queue | 1 | |
| Right click | 423 | |
| Select / deselect | 404 | |
| Select group hotkey | 168 | |
| Use ability | 32 | |
1201 total
» units
» upgrades
| Melee Weapons | 2 | |
| Armor | 2 | |
| Pillage | 1 | |
| Berserker Strength | 1 | |
| Ranged Weapons | 1 | |
7 total
» buildings
| Altar of Storms | 1 | |
| Orc Burrow | 6 | |
| Barracks | 2 | |
| War Mill | 1 | |
| Watch Tower | 2 | |
| Stronghold | 1 | |
| Voodoo Lounge | 1 | |
| Fortress | 1 | |
15 total
» build order
00:03 Altar of Storms
00:06 Orc Burrow
00:31 Barracks
01:20 War Mill
02:46 Watch Tower
03:07 Watch Tower
03:29 Orc Burrow
04:59 Stronghold
05:01 Voodoo Lounge
05:02 Barracks
06:12 Orc Burrow
06:49 Orc Burrow
09:01 Orc Burrow
12:50 Orc Burrow
15:29 Fortress
» items
| Healing Salve | 2 | |
| Scroll of Town Portal | 1 | |
3 total
Dive_toyou (
red | 85 APM | 1370 actions | 16:09)
5 Death Knight
3 Death Coil
2 Unholy Aura
» actions
| Assign group hotkey | 6 | |
| Basic commands | 147 | |
| Build / train | 58 | |
| Enter build submenu | 17 | |
| Enter hero's abilities submenu | 5 | |
| Give item / drop item | 2 | |
| Right click | 435 | |
| Select / deselect | 506 | |
| Select group hotkey | 173 | |
| Use ability | 20 | |
1370 total
» units
| Acolyte | 3 | |
| Ghoul | 12 | |
| Frost Wyrm | 6 | |
21 total
» upgrades
| Creature Attack | 3 | |
| Freezing Breath | 1 | |
| Creature Carapace | 1 | |
5 total
» buildings
| Crypt | 1 | |
| Ziggurat | 9 | |
| Altar of Darkness | 1 | |
| Tomb of Relics | 1 | |
| Graveyard | 1 | |
| Nerubian Tower | 1 | |
| Halls of the Dead | 5 | |
| Spirit Tower | 3 | |
| Sacrificial Pit | 1 | |
| Black Citadel | 2 | |
| Boneyard | 2 | |
27 total
» build order
00:05 Crypt
00:10 Ziggurat
00:31 Altar of Darkness
00:46 Tomb of Relics
01:22 Ziggurat
01:54 Graveyard
02:36 Nerubian Tower
03:12 Halls of the Dead
03:12 Halls of the Dead
03:12 Halls of the Dead
03:13 Halls of the Dead
03:32 Spirit Tower
03:32 Spirit Tower
05:34 Sacrificial Pit
05:52 Black Citadel
06:08 Ziggurat
06:21 Ziggurat
08:13 Boneyard
08:14 Boneyard
08:16 Ziggurat
08:25 Ziggurat
10:47 Ziggurat
13:48 Ziggurat
15:15 Ziggurat
» items
team 2 (loser)
C0ckHolster(SA) (
orange | 11 APM | 185 actions | 16:09)
1 Blood Mage
1 Banish
» actions
| Assign group hotkey | 1 | |
| Basic commands | 4 | |
| Build / train | 10 | |
| Enter build submenu | 7 | |
| Enter hero's abilities submenu | 1 | |
| Right click | 33 | |
| Select / deselect | 112 | |
| Use ability | 17 | |
185 total
» units
» buildings
| Altar of Kings | 1 | |
| Farm | 2 | |
| Lumber Mill | 1 | |
| Scout Tower | 2 | |
6 total
» build order
00:10 Altar of Kings
00:43 Farm
01:05 Lumber Mill
01:16 Farm
01:57 Scout Tower
02:01 Scout Tower
JOHN_MATHESON (
blue | 63 APM | 1008 actions | 16:05)
1 Blademaster
1 Wind Walk
» actions
| Basic commands | 23 | |
| Build / train | 25 | |
| Enter build submenu | 43 | |
| Enter hero's abilities submenu | 1 | |
| Remove unit from queue | 9 | |
| Right click | 551 | |
| Select / deselect | 288 | |
| Use ability | 68 | |
1008 total
» units
» buildings
| War Mill | 3 | |
| Altar of Storms | 1 | |
| Orc Burrow | 3 | |
| Watch Tower | 23 | |
| Barracks | 1 | |
| Voodoo Lounge | 1 | |
| Stronghold | 1 | |
33 total
» build order
00:06 War Mill
00:25 Altar of Storms
00:39 Orc Burrow
01:37 Watch Tower
02:04 Watch Tower
04:05 Watch Tower
04:27 Watch Tower
04:41 Watch Tower
04:50 Watch Tower
04:54 Watch Tower
04:59 Watch Tower
05:06 Watch Tower
05:50 Watch Tower
05:55 Watch Tower
06:35 Barracks
06:47 Watch Tower
07:28 Watch Tower
08:07 Watch Tower
08:17 Voodoo Lounge
08:38 War Mill
08:53 Stronghold
09:50 Watch Tower
10:03 Watch Tower
10:55 Watch Tower
10:56 Watch Tower
10:57 Watch Tower
11:22 Orc Burrow
11:30 Orc Burrow
11:39 War Mill
12:52 Watch Tower
15:20 Watch Tower
15:24 Watch Tower
15:25 Watch Tower
» items
| Healing Salve | 2 | |
| Lesser Clarity Potion | 4 | |
| Potion of Healing | 1 | |
| Potion of Mana | 1 | |
8 total
Chat log
(00:19 / Allies) JOHN_MATHESON: tower there
(00:20 / Allies) C0ckHolster(SA): Damn, level 23.
(00:25 / Allies) C0ckHolster(SA): Ok.
(01:04 / Allies) JOHN_MATHESON: make a lumber mill
(01:09 / Allies) C0ckHolster(SA): On it
(02:21 / Allies) JOHN_MATHESON: faggot
(02:25 / Allies) C0ckHolster(SA): kablam
(02:27 / Allies) JOHN_MATHESON: I hate you tyler
(02:30 / Allies) C0ckHolster(SA): hahahahahhaha
(03:24 / Allies) JOHN_MATHESON: hahah
(03:25 / Allies) JOHN_MATHESON: you suck
(03:29 / Allies) C0ckHolster(SA): john matheson reduced to nothing but a pubbie
(04:02 / Allies) JOHN_MATHESON: im going to win this game 2v1
(04:04 / Allies) C0ckHolster(SA): ok
(04:11 / Allies) C0ckHolster(SA): i will watch
(04:15 / Allies) C0ckHolster(SA): good luck
(04:27 / All) Dive_toyou: wtf ??
(04:45 / All) C0ckHolster(SA): i will be shoutcasting this game
(04:55 / All) Dive_toyou: u good
(05:06 / All) C0ckHolster(SA): currently J_M in the blue only has 650 gold
(05:10 / All) C0ckHolster(SA): no barracks or anything
(05:18 / All) C0ckHolster(SA): just hit hard soon and the game should go to team 2...
(05:20 / All) Dive_toyou: why u kill him ?
(05:30 / All) C0ckHolster(SA): because it's easy
(06:07 / All) C0ckHolster(SA): more towers going up at the choke outside blue's base
(06:16 / All) Dive_toyou: shut up
(06:25 / All) JOHN_MATHESON: manner up oj
(06:36 / Allies) C0ckHolster(SA): ?????????????????????????????
(06:40 / All) Dive_ToMe: ㅋㅋㅋㅋㅋㅋㅋㅋㅋ
(06:46 / Allies) C0ckHolster(SA): ¿¿¿¿¿¿¿¿¿¿¿¿¿¿¿
(07:18 / All) C0ckHolster(SA): i wonder if team2 knows they could just go straight through the trees with siege and avoid the towers entirely . . . ?
(07:27 / All) C0ckHolster(SA): a barracks going up for blue
(07:42 / All) Dive_ToMe: I like combat
(07:58 / All) C0ckHolster(SA): blue creeping the green by his base
(08:18 / All) Dive_ToMe: Thank you my spy
(08:42 / All) C0ckHolster(SA): starts putting up towers in his base... maybe afraid of a deforestation attack?
(09:12 / All) Dive_ToMe: Don'y worry buddy
(09:14 / Allies) JOHN_MATHESON: tyler you're an evil person
(09:21 / Allies) C0ckHolster(SA): ??????????????????????????????????????????????????????????
(10:02 / All) C0ckHolster(SA): blademaster chilling in wind walk
(10:07 / All) C0ckHolster(SA): right by yellow's forces...
(11:02 / All) C0ckHolster(SA): blue is teching to tier2 now
(11:03 / All) Dive_ToMe: Oh gg
(11:14 / All) Dive_ToMe: I can't win him
(11:17 / All) C0ckHolster(SA): putting up more towers
(11:22 / All) Dive_toyou: god bless u oj
(14:15 / Allies) C0ckHolster(SA): haveing trouble i se............
(15:03 / Allies) JOHN_MATHESON: I'm voming to your has with bats
(15:09 / Allies) JOHN_MATHESON: coming*
(15:10 / Allies) C0ckHolster(SA): ????????????????????????????????????
(15:41 / All) C0ckHolster(SA): things look dire for blue...
(16:08 / All) C0ckHolster(SA): GG